 Dungeon Sprint DCSS version 0.18-a0-1562-gac8da35 (webtiles) character file.

65708 pipel the Executioner (level 14, 0/143 HPs)
             Began as a Minotaur Gladiator on Mar 13, 2016.
             Was the Champion of Cheibriados.
             Slain by a reaper
             ... wielding a +4 scythe of distortion
             ... summoned by a mummy priest's death curse
              (3 damage)
             ... in the Dungeon (Sprint VII: "The Pits").
             The game lasted 00:33:35 (2038 turns).

pipel the Executioner (Minotaur Gladiator)          Turns: 2038, Time: 00:33:36

Health: 0/143      AC: 30    Str: 40    XL:     14   Next: 76%
Magic:  2/23       EV: 26    Int: 20    God:    Cheibriados [******]
Gold:   55         SH:  0    Dex: 26    Spells: 4 memorised, 18 levels left

rFire  + . .     SeeInvis .     N - +1 battleaxe (freeze)
rCold  + . .     Gourm    .     P - +5 plate armour
rNeg   . . .     Faith    .     (shield currently unavailable)
rPois  .         Spirit   .     c - +0 hat
rElec  .         Dismiss  .     x - +0 cloak {MR+}
rCorr  .         Reflect  .     S - +1 pair of gloves
SustAt .         Harm     .     R - +0 pair of boots (curse)
MR     +++..     NoTele   +     (no amulet)
Stlth  ..........               H - ring "Taezuyji" {Wiz +Inv}
                                u - ring "Zavator" {rF+ rC+ MR+}

@: very slightly contaminated, studying Translocations, repel missiles,
invisible, very slow, extremely resistant to hostile enchantments, extremely
unstealthy
A: retaliatory headbutt, horns 2
a: Bend Time, Temporal Distortion, Slouch, Step From Time, Renounce Religion,
Turn Visible


You were in the Dungeon.
You worshipped Cheibriados.
Cheibriados was exalted by your worship.
You were not hungry.

You visited 1 branch You collected 55 gold pieces.

Inventory:

Hand Weapons
 a - the +2 war axe of Moderation {chop, MR+ Int+2}
   (You found it in the Dungeon)

   It inflicts extra damage upon your enemies.
   It affects your intelligence (+2).
   It affects your resistance to hostile enchantments.
 v - a +3 hand axe of freezing
 D - a +0 war axe
 N - a +1 battleaxe of freezing (weapon)
Missiles
 d - 3 throwing nets (quivered)
 o - 5 stones
Armour
 b - a +0 leather armour
 c - a +0 hat (worn)
 w - a +2 plate armour
 x - a +0 cloak of magic resistance (worn)
 C - a +1 cloak
 E - a +3 plate armour
 P - a +5 plate armour (worn)
 Q - a +3 shadow dragon armour
 R - a cursed +0 pair of boots (worn)
 S - a +1 pair of gloves (worn)
Magical Staves
 p - an uncursed staff of energy
Jewellery
 u - the ring "Zavator" (left hand) {rF+ rC+ MR+}
   (You found it in the Dungeon)

   [ring of protection from cold]

   It protects you from fire.
   It protects you from cold.
   It affects your resistance to hostile enchantments.
 y - a +3 ring of protection
 z - a +3 ring of dexterity
 F - an uncursed ring of protection from magic
 G - an uncursed ring of protection from fire
 H - the ring "Taezuyji" (right hand) {Wiz +Inv}
   (You found it in the Dungeon)

   [ring of wizardry]

   It improves your spell success rate.
   It lets you turn invisible.
Scrolls
 k - 2 scrolls of identify
 q - 4 scrolls of remove curse
 r - 5 scrolls of amnesia
 s - a scroll of summoning
 t - 2 scrolls of vulnerability
 J - a scroll of fear
 K - 2 scrolls of blinking
 L - 2 scrolls of fog
 M - a scroll of recharging
Potions
 e - 10 potions of curing
 g - 5 potions of heal wounds
 h - 3 potions of haste
 j - 3 potions of berserk rage
 n - 2 potions of invisibility
 A - a potion of brilliance
 B - 2 potions of cure mutation
 I - a potion of cancellation
Books
 O - a book of Fire

   Spells                             Type                      Level
   a - Ignite Poison                  Fire/Transmutation/Poison    3
   b - Fireball                       Conjuration/Fire             5
   c - Bolt of Fire                   Conjuration/Fire             6
   d - Delayed Fireball               Conjuration/Fire             7
   e - Ring of Flames                 Charms/Fire                  7
 T - the Almanac of the Blaze and Shape Shifting
   (You found it in the Dungeon)

   Spells                             Type                      Level
   a - Ignite Poison                  Fire/Transmutation/Poison    3
   b - Bolt of Fire                   Conjuration/Fire             6
   c - Statue Form                    Transmutation/Earth          6
 U - the Volume of Calling
   (You found it in the Dungeon)

   Spells                             Type                      Level
   a - Summon Lightning Spire         Summoning/Air                4
   b - Aura of Abjuration             Summoning                    5
   c - Summon Hydra                   Summoning                    7
 V - a manual of Translocations
Comestibles
 f - 7 bread rations
 l - 40 fruits
 m - 6 meat rations


   Skills:
 - Level 18.1 Fighting
 - Level 22.6 Axes
 - Level 2.2 Throwing
 - Level 19.9 Armour
 - Level 17.1 Dodging
 - Level 6.7 Spellcasting
 * Level 5.0 Charms
 - Level 7.3 Summonings
 * Level 6.3 Necromancy
 - Level 12.7 Invocations
 - Level 12.4 Evocations


You had 18 spell levels left.
You knew the following spells:

 Your Spells              Type           Power        Failure   Level  Hunger
a - Summon Butterflies    Summ           #####...     1%          1    None
b - Repel Missiles        Chrm/Air       ###...       7%          2    None
r - Regeneration          Chrm/Necr      ####......   4%          3    #......
s - Sublimation of Blood  Necr           ####......   1%          2    None


Dungeon Overview and Level Annotations

Branches:
Dungeon (1/1)

Altars:
Ashenzari
Cheibriados
Dithmenos
Elyvilon
Fedhas
Kikubaaqudgha
Makhleb
Nemelex Xobeh
Okawaru
Pakellas
Ru
Sif Muna
Trog
Vehumet
Xom
Yredelemnul
Zin
The Shining One
Beogh
Jiyva
Lugonu


Innate Abilities, Weirdness & Mutations

You reflexively headbutt those who attack you in melee.
You have a pair of horns on your head.


Message History

* * * LOW HITPOINT WARNING * * *
Space bends around you.
* * * LOW HITPOINT WARNING * * *
The red draconian is engulfed in roaring flames.
Things that are here:
a great sword; a cloak; a green draconian corpse You take 30 damage, and have 24/143 hp.
MASSIVE DAMAGE!!
You hit the reaper but do no damage.
You headbutt the reaper, but do no damage.
The iron troll shouts!
The reaper misses you.
You barely miss the reaper.
You headbutt the reaper, but do no damage.
The iron troll shouts!
You barely miss the reaper. You headbutt the reaper!
The reaper is lightly wounded.
The reaper hits you with a scythe of distortion!!
* * * LOW HITPOINT WARNING * * *
Space bends around you.
You die...

..####..# #...
..... #.)##
.###....#
#..###..#..###.:#
...#....#
#...#..###..#..:#
...######
+.......#......:#
...#.[(.#
#d..#..###..#...#
.###....#
#.§###..#..###.:#
..####[.#
#.(§#.......#..##
....##(.#
#)###.....###.:#
.....#[.#
#.@#.......#..##
.....'.)#
##)2.#:#.#):.##
#########
#############


You could see a red draconian and a reaper.

Vanquished Creatures
  2 deep elf blademasters (D)
  A sphinx (D)
  A greater naga (D)
  A frost giant (D)
  A draconian knight (D)
  3 deep elf sorcerers (D)
  A draconian scorcher (D)
  2 orc warlords (D)
  A stone giant (D)
  2 black draconians (D)
  A white draconian (D)
  A dire elephant (D)
  An eidolon (D)
  5 deep elf death magi (D)
  A mummy priest (D)
  A minotaur (D)
  A merfolk impaler (D)
  2 yaktaur captains (D)
  A hydra (D)
  2 rakshasas (D)
  4 naga warriors (D)
  A spriggan air mage (D)
  A death knight (D)
  A merfolk aquamancer (D)
  A death yak (D)
  A deep troll shaman (D)
  4 vampire magi (D)
  A deep elf knight (D)
  A fire crab (D)
  A shadow wraith (D)
  4 deep trolls (D)
  A small abomination (D)
  A flayed ghost (D)
  A swamp dragon (D)
  A phantasmal warrior (D)
  11 orc knights (D)
  An orc sorcerer (D)
  An ugly thing (D)
  A cyclops (D)
  2 manticores (D)
  An elephant (D)
  A naga mage (D)
  A molten gargoyle (D)
  An orange demon (D)
  3 gargoyles (D)
  A spiny frog (D)
  A smoke demon (D)
  5 yaktaurs (D)
  An ice devil (D)
  An efreet (D)
  A wandering mushroom (D)
  4 merfolk (D)
  A wind drake (D)
  A red devil (D)
  A troll (D)
  A jumping spider (D)
  A polar bear (D)
  A boulder beetle (D)
  A snapping turtle (D)
  9 redbacks (D)
  2 flying skulls (D)
  A spriggan (D)
  A large abomination (D)
  6 yaks (D)
  3 tarantellas (D)
  A wraith (D)
  A water elemental (D)
  A hog (shapeshifter) (D)
  A steam dragon (D)
  A basilisk (D)
  A hippogriff (D)
  4 vampire mosquitoes (D)
  A naga (D)
  A mottled dragon (D)
  2 soldier ants (D)
  5 wargs (D)
  A water moccasin (D)
  Duvessa (D)
  An ice beast (D)
  5 wolves (D)
  A phantom (D)
  An ogre (D)
  2 orc warriors (D)
  A gnoll sergeant (D)
  Dowan (D)
  An earth elemental (D)
  A scorpion (D)
  A jelly (D)
  A quasit (D)
  Crazy Yiuf (D)
  Ijyb (D)
  An iron imp (D)
  An orc priest (D)
  Terence (D)
  An orc wizard (D)
  A hell rat (D)
  A mummy (D)
  5 gnolls (D)
  A river rat (D)
  A giant eyeball (D)
  An ufetubus (D)
  An ooze (D)
  An adder zombie (D)
  4 orcs (D)
  2 ball pythons (D)
  A hobgoblin (D)
  4 jackals (D)
  A quokka (D)
  A bat (D)
  A crawling corpse (D)
190 creatures vanquished.

Notes
Turn   | Place    | Note
--------------------------------------------------------------
     0 | D        | pipel the Minotaur Gladiator began the quest for the Orb.
     0 | D        | Reached XP level 1. HP: 18/18 MP: 0/0
    11 | D        | Reached skill level 4 in Axes
    11 | D        | Reached XP level 2. HP: 15/25 MP: 1/1
    21 | D        | Found a sacrificial altar of Ru.
    21 | D        | Found a basalt altar of Yredelemnul.
    21 | D        | Found a glowing golden altar of the Shining One.
    21 | D        | Found a deep blue altar of Sif Muna.
    21 | D        | Found a burning altar of Makhleb.
    21 | D        | Found an ancient bone altar of Kikubaaqudgha.
    21 | D        | Found a glowing silver altar of Zin.
    22 | D        | Found a shadowy altar of Dithmenos.
    22 | D        | Found a bloodstained altar of Trog.
    22 | D        | Found a shattered altar of Ashenzari.
    22 | D        | Found a white marble altar of Elyvilon.
    22 | D        | Found a snail-covered altar of Cheibriados.
    22 | D        | Found a blossoming altar of Fedhas.
    22 | D        | Found a radiant altar of Vehumet.
    22 | D        | Found a shimmering altar of Xom.
    22 | D        | Found a sparkling altar of Nemelex Xobeh.
    22 | D        | Found a corrupted altar of Lugonu.
    22 | D        | Found a viscous altar of Jiyva.
    22 | D        | Found a roughly hewn altar of Beogh.
    22 | D        | Found an iron altar of Okawaru.
    23 | D        | Found an oddly glowing altar of Pakellas.
    28 | D        | Became a worshipper of Cheibriados the Contemplative
    50 | D        | Reached skill level 5 in Axes
    52 | D        | Reached * piety under Cheibriados
    70 | D        | Reached ** piety under Cheibriados
    70 | D        | Reached skill level 5 in Dodging
    78 | D        | Reached XP level 3. HP: 13/31 MP: 2/2
    78 | D        | Reached *** piety under Cheibriados
    80 | D        | Reached skill level 6 in Axes
   138 | D        | Noticed Crazy Yiuf
   139 | D        | Noticed Ijyb
   146 | D        | Killed Crazy Yiuf
   146 | D        | Reached skill level 1 in Armour
   150 | D        | Reached **** piety under Cheibriados
   150 | D        | Reached skill level 7 in Axes
   150 | D        | Reached XP level 4. HP: 29/40 MP: 3/3
   157 | D        | Noticed a phantom
   157 | D        | Killed Ijyb
   176 | D        | Killed a phantom
   176 | D        | Reached skill level 5 in Fighting
   176 | D        | Reached skill level 9 in Axes
   176 | D        | Reached XP level 5. HP: 34/48 MP: 4/4
   196 | D        | Reached ***** piety under Cheibriados
   208 | D        | Reached skill level 10 in Axes
   220 | D        | Noticed a gargoyle
   228 | D        | Killed a gargoyle
   228 | D        | Reached skill level 12 in Axes
   228 | D        | Reached XP level 6. HP: 29/61 MP: 4/8
   228 | D        | Reached XP level 7. HP: 31/67 MP: 4/9
   231 | D        | Noticed Terence
   233 | D        | Reached skill level 5 in Invocations
   236 | D        | Killed Terence
   237 | D        | Reached ****** piety under Cheibriados
   237 | D        | Reached skill level 13 in Axes
   249 | D        | Reached XP level 8. HP: 28/78 MP: 6/12
   252 | D        | Reached skill level 14 in Axes
   284 | D        | Got the +2 war axe of Moderation {chop, MR+ Int+2}
   356 | D        | Noticed an elephant
   357 | D        | Noticed a flying skull
   358 | D        | Killed a flying skull
   364 | D        | Reached skill level 10 in Fighting
   364 | D        | Reached skill level 15 in Axes
   366 | D        | Killed an elephant
   366 | D        | Reached skill level 5 in Armour
   373 | D        | Noticed a polar bear
   373 | D        | Noticed Duvessa
   376 | D        | Killed a polar bear
   376 | D        | Reached XP level 9. HP: 69/86 MP: 8/14
   377 | D        | Noticed Dowan
   379 | D        | Killed Duvessa
   379 | D        | Reached skill level 16 in Axes
   379 | D        | Killed Dowan
   384 | D        | Noticed an ice devil
   394 | D        | Killed an ice devil
   408 | D        | Reached skill level 17 in Axes
   408 | D        | Reached skill level 10 in Invocations
   421 | D        | Noticed a manticore
   421 | D        | Noticed a molten gargoyle
   425 | D        | Killed a molten gargoyle
   425 | D        | Reached XP level 10. HP: 72/97 MP: 6/16
   436 | D        | Killed a manticore
   439 | D        | Reached skill level 18 in Axes
   542 | D        | Noticed a minotaur
   546 | D        | Killed a minotaur
   547 | D        | Noticed a deep elf blademaster
   552 | D        | Killed a deep elf blademaster
   552 | D        | Reached skill level 19 in Axes
   620 | D        | Noticed a smoke demon
   629 | D        | Killed a smoke demon
   629 | D        | Reached XP level 11. HP: 46/108 MP: 19/19
   634 | D        | Noticed an orc sorcerer
   642 | D        | Killed an orc sorcerer
   666 | D        | Reached skill level 20 in Axes
   809 | D        | Noticed an orc knight
   822 | D        | Killed an orc knight
   822 | D        | Reached skill level 15 in Fighting
   822 | D        | Reached skill level 21 in Axes
   822 | D        | Reached skill level 10 in Armour
   823 | D        | Paralysed by a giant eyeball for 4 turns
   870 | D        | Noticed a death yak
   879 | D        | Killed a death yak
  1039 | D        | Got the ring "Zavator" {rF+ rC+ MR+}
  1053 | D        | Got the ring "Taezuyji" {Wiz +Inv}
  1170 | D        | Noticed a frost giant
  1170 | D        | Noticed a flayed ghost
  1171 | D        | Noticed a seven-headed hydra
  1174 | D        | Killed a flayed ghost
  1174 | D        | Reached skill level 1 in Evocations
  1183 | D        | Killed a frost giant
  1184 | D        | Reached skill level 22 in Axes
  1184 | D        | Reached XP level 12. HP: 80/122 MP: 10/20
  1185 | D        | Noticed a merfolk aquamancer
  1186 | D        | Killed a seven-headed hydra
  1188 | D        | Killed a merfolk aquamancer
  1188 | D        | Reached skill level 5 in Evocations
  1191 | D        | Noticed a spriggan air mage
  1192 | D        | Killed a spriggan air mage
  1226 | D        | Noticed a rakshasa
  1226 | D        | HP: 4/124 [rakshasa/long sword (13)]
  1227 | D        | Killed a rakshasa
  1234 | D        | Noticed a merfolk impaler
  1237 | D        | Killed a merfolk impaler
  1264 | D        | Learned a level 1 spell: Summon Butterflies
  1267 | D        | Learned a level 2 spell: Repel Missiles
  1336 | D        | Noticed a deep troll shaman
  1344 | D        | Reached skill level 15 in Armour
  1348 | D        | Killed a deep troll shaman
  1381 | D        | Reached skill level 1 in Spellcasting
  1381 | D        | Reached skill level 1 in Summonings
  1381 | D        | Reached XP level 13. HP: 12/134 MP: 21/21
  1478 | D        | Reached skill level 10 in Evocations
  1521 | D        | Noticed an orc warlord
  1521 | D        | Noticed an orc warlord
  1535 | D        | Reached skill level 5 in Summonings
  1537 | D        | Killed an orc warlord
  1541 | D        | Killed an orc warlord
  1541 | D        | Reached skill level 5 in Spellcasting
  1680 | D        | Noticed a deep elf blademaster
  1691 | D        | Killed a deep elf blademaster
  1705 | D        | Reached skill level 10 in Dodging
  1799 | D        | Noticed a stone giant
  1812 | D        | Killed a stone giant
  1899 | D        | Noticed a greater naga
  1912 | D        | Killed a greater naga
  1912 | D        | Reached XP level 14. HP: 116/143 MP: 19/23
  1915 | D        | Noticed a red draconian scorcher
  1916 | D        | Noticed a deep elf sorcerer
  1916 | D        | Noticed a deep elf sorcerer
  1917 | D        | Noticed a deep elf sorcerer
  1918 | D        | Killed a deep elf sorcerer
  1920 | D        | Killed a deep elf sorcerer
  1920 | D        | HP: 4/143 [deep elf death mage/vampiric draining (22)]
  1921 | D        | Noticed a sphinx
  1923 | D        | Killed a red draconian scorcher
  1923 | D        | Reached skill level 15 in Dodging
  1923 | D        | Killed a deep elf sorcerer
  1934 | D        | Killed a sphinx
  1955 | D        | Identified the Grimoire of Doomed Boosts (You found it in the Dungeon)
  1959 | D        | Learned a level 3 spell: Regeneration
  1959 | D        | Identified the Grimoire of Doomed Boosts (You found it in the Dungeon)
  1962 | D        | Reached skill level 1 in Charms
  1962 | D        | Reached skill level 1 in Necromancy
  1964 | D        | Identified the Grimoire of Doomed Boosts (You found it in the Dungeon)
  1971 | D        | Learned a level 2 spell: Sublimation of Blood
  1983 | D        | Identified the Grimoire of Curses and Summoning (You found it in the Dungeon)
  1992 | D        | Identified the Almanac of the Blaze and Shape Shifting (You found it in the Dungeon)
  2000 | D        | Identified the Volume of Calling (You found it in the Dungeon)
  2006 | D        | Noticed a green draconian knight
  2020 | D        | Killed a green draconian knight
  2022 | D        | Reached skill level 5 in Necromancy
  2034 | D        | Reached skill level 5 in Charms
  2034 | D        | Noticed a reaper
  2038 | D        | HP: 3/143 [reaper/scythe of distortion[a mummy priest's death curse] (21)]
  2038 | D        | Slain by a reaper

Vault maps used:
D:        pitsprint

Skill      XL: |  1  2  3  4  5  6  7  8  9 10 11 12 13 14 |
---------------+-------------------------------------------+-----
Axes           | 4 5 7 9 12 13 15 17 19 22 | 22.6
Dodging        | 4 5 6 8 9 13 17 | 17.1
Fighting       | 3 4 5 7 9 10 12 13 16 18 | 18.1
Armour         | 1 2 3 4 5 6 8 11 15 17 19 | 19.9
Invocations    | 4 7 9 10 12 | 12.7
Evocations     | 4 9 12 | 12.4
Spellcasting   | 1 6 |  6.7
Summonings     | 1 7 |  7.3
Charms         | 5 |  5.0
Necromancy     | 6 |  6.3
Throwing       | |  2.2

Action                   |  1- 3 |  4- 6 |  7- 9 | 10-12 | 13-15 || total
-------------------------+-------+-------+-------+-------+-------++-------
Melee: War axe           |    16 |    22 |    56 |    85 |       ||   179
       Battleaxe         |       |       |       |    57 |   124 ||   181
Throw: Stone             |     2 |    10 |     2 |     6 |     3 ||    23
       Throwing net      |       |     1 |       |       |     2 ||     3
 Cast: Summon Butterflie |       |       |       |       |    39 ||    39
       Repel Missiles    |       |       |       |       |     1 ||     1
       Regeneration      |       |       |       |       |     5 ||     5
       Sublimation of Bl |       |       |       |       |     2 ||     2
Invok: Slouch            |       |       |     3 |    20 |    17 ||    40
       Bend Time         |       |       |       |     1 |       ||     1
 Abil: Evoke Invisibilit |       |       |       |       |     4 ||     4
       Turn Visible      |       |       |       |       |     1 ||     1
  Use: Potion            |       |       |       |     7 |     9 ||    16
       Scroll            |       |       |       |     1 |       ||     1
 Stab: Invisible         |       |       |       |       |    23 ||    23
       Held in net/web   |       |       |       |       |     3 ||     3
  Eat: Meat ration       |       |       |       |     1 |       ||     1
       Bread ration      |       |       |       |       |     1 ||     1
       Chunk             |       |       |       |       |     1 ||     1
